AoeStats
← 根本赢不了

Arabia

510261333Analyzed
1v1 RM · 1d ago on Sep 30, 2026· 30m 21s· 2 players
Game mode
Random Map
Map size
Tiny (2 player)
Population
200
Speed
Normal
Resources
Standard
Victory
Conquest
Starting age
Dark Age
Ending age
Imperial Age
RankedLock teamsTeams togetherTeam positionsShared explorationLock speedFull tech treeHidden civsTurbo modeCheats
Victory
Defeat
🇨🇳 Varangians · China
1138
+22
🇦🇷 Franks · Argentina
1155
-17
根本赢不了
6:31 Loom
9:09 Feudal Age
10:03 Double-Bit Axe
10:25 Horse Collar
16:29 Bloodlines
20:40 Castle Age
19:41 Gold Mining
20:38 Fletching
21:15 Padded Archer Armor
21:17 Bodkin Arrow
23:12 Scale Barding Armor
26:16 Padded Archer Armor
30:45 Ballistics
Ref
7:43 Loom
11:55 Feudal Age
15:58 Castle Age
22:37 Scale Barding Armor
27:34 Padded Archer Armor
29:22 Town Watch
Connection lost

Rejoining the realm…

Still unreachable

The connection could not be restored.

Session expired

The server has moved on; the page needs a fresh start.